 Dungeon Crawl Stone Soup version 0.31-a0-986-g5e6e4ef867 (webtiles) character file.

Game seed: 13911151072573841851

186 Lobster4 the Trooper (level 5, -2/40 HPs)
             Began as a Human Wanderer on Nov 6, 2023.
             Killed from afar by an orc wizard (9 damage)
             ... with a magic dart
             ... on level 3 of the Dungeon.
             The game lasted 00:06:04 (2939 turns).

Lobster4 the Trooper (Human Wanderer)               Turns: 2939, Time: 00:06:05

Health: -2/40      AC:  5    Str: 12    XL:     5   Next: 97%
Magic:  8/8        EV: 12    Int: 13    God:
Gold:   73         SH:  0    Dex: 20    Spells: 7/8 levels left

rFire   x . .        b - +4 whip
rCold   . . .        (no shield)
rNeg    . . .        x - +2 leather armour "Ulei" {rF- Dex+6}
rPois   .            (no helmet)
rElec   .            (no cloak)
rCorr   .            (no gloves)
SInv    .            (no boots)
Will    .....        (no amulet)
Stlth   +            (no ring)
HPRegen 0.26/turn    (no ring)
MPRegen 0.11/turn

%: no passive effects
@: no status effects
A: no striking features
a: no special abilities


You were on level 3 of the Dungeon.
You visited 1 branch of the dungeon, and saw 4 of its levels.

You collected 262 gold pieces.
You spent 189 gold pieces at shops.

Inventory:

Hand Weapons
 a - a +1 sling
 b - a +4 whip (weapon)
 d - a +0 dagger
 j - a +0 short sword
Missiles
 g - 24 stones
 o - 29 poisoned darts
Armour
 c - a +0 leather armour
 k - a +0 kite shield
 x - the +2 leather armour "Ulei" (worn) {rF- Dex+6}
   (You bought it in a shop on level 3 of the Dungeon)

   Dex+6:     It affects your dexterity (+6).
   rF-:       It makes you vulnerable to fire.
Jewellery
 m - a ring of fire
 p - a ring of see invisible
Scrolls
 e - a scroll of acquirement {unknown}
 h - a scroll of amnesia {unknown}
 n - 4 scrolls of identify {unknown}
 q - 2 scrolls of teleportation {unknown}
 r - a scroll of blinking {unknown}
 v - a scroll of immolation {unknown}
 w - 2 scrolls of fear {unknown}
 y - a scroll of poison {unknown}
Potions
 f - 2 potions of haste {unknown}
 i - 2 potions of ambrosia {unknown}
 l - a potion of degeneration {unknown}
 s - a potion of mutation {unknown}
 t - 2 potions of lignification {unknown}


   Skills:
 + Level 2.8 Fighting
 + Level 0.8 Maces & Flails
 + Level 2.8 Ranged Weapons
 + Level 2.1 Dodging
 + Level 1.0 Shields
 + Level 2.0 Spellcasting
 - Level 2.0 Transmutations
 + Level 1.5 Poison Magic
 + Level 2.6 Evocations


You had 7 spell levels left.
You knew the following spells:

 Your Spells              Type           Power      Damage    Failure   Level
a - Sting                 Tmut/Pois      20%        1d4       16%         1

Your spell library contained the following spells:

 Spells                   Type           Power      Damage    Failure   Level
 Passwall                 Tmut/Erth      2%         N/A       32%         2
 Lesser Beckoning         Tloc           2%         N/A       43%         2
 Gell's Gravitas          Tloc           1%         N/A       67%         3
 Teleport Other           Tloc           1%         N/A       67%         3
 Petrify                  Tmut/Erth      3%         N/A       91%         4


Dungeon Overview and Level Annotations

Branches:
Dungeon (4/15)
 Temple: D:4-7

Altars:
Yredelemnul

Shops:
D:3 [

Annotations:
D:4 Ijyb


Message History

You kill the orc!
The orc closely misses you. Something hits you but does no damage.
The orc closely misses you.
You hear some strange, mumbled words.
You are confused.
The orc attacks as it pursues you! The orc hits you with a +0 mace.
Something hits you. Something freezes you.
You barely miss the orc. The orc closely misses you. Something hits you.
Something freezes you.
You miss the orc. The orc hits you but does no damage.
Something barely misses you.
An orc is nearby!
The orc hits you with a +0 mace.
* * * LOW HITPOINT WARNING * * *
You hit the orc.
The orc is heavily wounded.
The orc closely misses you. Something hits you.
* * * LOW HITPOINT WARNING * * *
Something freezes you.
* * * LOW HITPOINT WARNING * * *
You feel better. The orc barely misses you. Something barely misses you.
You hit the orc.
The orc is severely wounded.
The orc closely misses you. Something hits you.
* * * LOW HITPOINT WARNING * * *
Something freezes you.
* * * LOW HITPOINT WARNING * * *
You hit the orc.
You kill the orc!
Something hits you but does no damage.
You hit something. Something hits you but does no damage.
You barely miss something. Something hits you.
* * * LOW HITPOINT WARNING * * *
Something freezes you.
* * * LOW HITPOINT WARNING * * *
You barely miss something.
You hear some strange, mumbled words.
A magic dart appears from out of thin air!
The magic dart hits you!
You die...

#..........[............##.#
#####.###.#..#......)....##.##.#
......................##....##.#
.####.##..##...##..##.#.....##.#
......##..####.##..#......#....##
..######.........................
..######..####.#.......#..#.##.##
..........##....){...............
..######........@>.##..#..#.##.#.
..######.......................#.
...............##..##..#..#.##.#.
.....###.......##..##..#.........
.....# #.###...........#.##.##.#.
.....###.###..##...###.#.##.##.#.
.....+.............# #.#.##.....†
.....##..###..##.#.# #...........
.######..# #..##.#.#####.##....#.


There were no monsters in sight!

Vanquished Creatures
  An orc priest (D:4)
  An iguana (D:3)
  5 adders
  3 dart slugs
  3 orcs
  6 endoplasms
  3 giant cockroaches
  7 goblins
  5 hobgoblins
  4 jackals (D:2)
  3 quokkas
  5 ball pythons
  9 bats
  13 frilled lizards
  7 kobolds
  2 rats (D:3)
77 creatures vanquished.

Notes
Turn   | Place    | Note
-------+----------+-------------------------------------------
     0 | D:1      | Lobster4 the Human Wanderer began the quest for the Orb.
     0 | D:1      | Lobster4 set off with the following items: a +1 sling, a
                  | potion of curing, a +0 leather armour; and the following
                  | spell memorised: Sting; and the following spells available
                  | to memorise: Passwall, Petrify.
     0 | D:1      | Reached XP level 1. HP: 16/16 MP: 2/2
   121 | D:1      | Reached XP level 2. HP: 11/22 MP: 1/3
   470 | D:1      | Reached XP level 3. HP: 27/27 MP: 3/5
   965 | D:2      | Reached skill level 1 in Poison Magic
  1127 | D:2      | Reached XP level 4. HP: 31/34 MP: 6/6
  2015 | D:3      | Reached XP level 5. HP: 25/39 MP: 7/7
  2596 | D:3      | Found Ysuo's Antique Armour Shoppe.
  2601 | D:3      | Bought a smoking leather armour for 189 gold pieces
  2601 | D:3      | Identified the +2 leather armour "Ulei" {rF- Dex+6} (You
                  | bought it in a shop on level 3 of the Dungeon)
  2750 | D:4      | Found a basalt altar of Yredelemnul.
  2779 | D:4      | Reached skill level 1 in Shields
  2780 | D:4      | Noticed Ijyb
  2939 | D:3      | Killed from afar by an orc wizard

Illustrated notes

Levels and vault maps discovered:
D:1:      zaba_arrival_water, layout_loops_ring
D:2:      layout_loops_ring, moated_statue, grunt_ministairs_8,
          minmay_lizard_pond
D:3:      layout_basic, serial_shops, nicolae_shop_rolling_square
D:4:      layout_cave_pools, mainiacjoe_overflow_tiny_flanked,
          lemuel_temple_firewalk_b, uniq_menkaure, uniq_crazy_yiuf_cottage,
          uniq_natasha, uniq_ijyb

Skill      XL: |  1  2  3  4  5 |
---------------+----------------+-----
Poison Magic   | 1 |  1.5
Dodging        | 2 |  2.1
Shields        | 1 |  1.0
Spellcasting   | 2 |  2.0
Fighting       | |  2.8
Maces & Flails | |  0.8
Ranged Weapons | |  2.8
Transmutations | |  2.0
Evocations     | |  2.6

Action                     |  1- 3 |  4- 6 || total
---------------------------+-------+-------++-------
  Melee: Whip              |     9 |    28 ||    37
         Sling             |       |     1 ||     1
   Fire: Sling             |   132 |   110 ||   242
   Cast: Sting             |     1 |     7 ||     8
    Use: Potion            |     1 |     1 ||     2
 Armour: Leather armour    |    55 |    75 ||   130
  Dodge: Dodged            |    47 |    61 ||   108

Table legend: (Time is in decaauts)
 A = Elapsed time spent in this place.
 B = Non-inter-level travel time spent in this place.
 C = Inter-level travel time spent in this place.
 D = Time resting spent in this place.
 E = Time spent auto-exploring this place.
 F = Levels seen in this place.
 G = Mean time per level.
                   A        B        C        D        E       F      G
               +--------+--------+--------+--------+--------+-----+--------+
         Total |   3025 |   2922 |    103 |    204 |   2141 |   4 |  756.2 |
       Dungeon |   3025 |   2922 |    103 |    204 |   2141 |   4 |  756.2 |
               +--------+--------+--------+--------+--------+-----+--------+

Top non-repeatable levels by time:
     D:3: 1098 daAuts
     D:2: 953 daAuts
     D:1: 830 daAuts
     D:4: 143 daAuts
